 Dungeon Crawl Stone Soup version 0.14-a0-155-gd989017 (webtiles) character file.

55 Malachi the Charmwright (level 1, -1/16 HPs)
             Began as a Demigod Skald on Oct 5, 2013.
             Slain by a hobgoblin (4 damage)
             ... on Level 1 of the Dungeon.
             The game lasted 00:00:35 (337 turns).

Malachi the Charmwright (Demigod Skald)              Turns: 337, Time: 00:00:35

HP  -1/16        AC  3     Str 15      XL: 1   Next: 46%
MP   4/5         EV 10     Int 16      God:
Gold 51          SH  0     Dex 15      Spells:  1 memorised,  2 levels left

Res.Fire  : . . .   See Invis. : .   a - +0 mace
Res.Cold  : . . .   Warding    : .   b - +0 leather armour
Life Prot.: . . .   Conserve   : .   (no shield)
Res.Poison: .       Res.Corr.  : .   (no helmet)
Res.Elec. : .       Clarity    : .   (no cloak)
Sust.Abil.: . .     Spirit.Shd : .   (no gloves)
Res.Mut.  : .       Stasis     : .   (no boots)
Res.Rott. : .       Flight     : .   (no amulet)
Saprovore : . . .                    (no ring)
                                     (no ring)

@: not resistant to hostile enchantments, unstealthy
A: no striking features
a: no special abilities


You were on level 1 of the Dungeon.
You were not hungry.

You visited 1 branch of the dungeon, and saw 1 of its levels.

You collected 31 gold pieces.

Inventory:

Hand weapons
 a - a +0,+0 mace (weapon)
Armour
 b - a +0 leather armour (worn)
Comestibles
 d - a bread ration
 f - 9 strawberries
Scrolls
 e - 2 scrolls of teleportation {unknown}
Potions
 g - 2 potions of magic {unknown}
Books
 c - a book of Battle

   Spells                             Type                      Level
   *Infusion                          Charms                       1
   Shroud of Golubria                 Charms/Translocation         2
   Song of Slaying                    Charms                       2
   Spectral Weapon                    Hexes/Charms                 3
   Regeneration                       Charms/Necromancy            3
   Song of Shielding                  Charms                       4


   Skills:
 + Level 1.7 Fighting
 * Level 1.7 Maces & Flails
 - Level 0.8 Armour
 + Level 0.8 Dodging
 - Level 1.7 Spellcasting
 * Level 3.0 Charms


You had 2 spell levels left.
You knew the following spells:

 Your Spells              Type           Power        Failure   Level  Hunger
a - Infusion              Chrm           ##....       8%          1    ##.....


Dungeon Overview and Level Annotations

Branches:
Dungeon (1/27)


Message History

You hit the goblin.
You kill the goblin!
The kobold throws a dart.
The dart misses you.
You are feeling less magically infused.
The hobgoblin barely misses you.
You closely miss the hobgoblin.
The hobgoblin hits you but does no damage.
You barely miss the hobgoblin. The hobgoblin hits you. The hobgoblin hits you.
You closely miss the hobgoblin. The hobgoblin misses you.
You closely miss the hobgoblin.
Your attacks are no longer magically infused.
The hobgoblin barely misses you.
You closely miss the hobgoblin. The hobgoblin barely misses you.
The hobgoblin hits you.
You barely miss the hobgoblin. The hobgoblin hits you.
* * * LOW HITPOINT WARNING * * *
You are too injured to fight recklessly!
You are too injured to fight recklessly!
You barely miss the hobgoblin. The hobgoblin hits you.
You die...

.P.♣...#.##... .
♣.PP♣♣#.#..+.>. +..
P...♣♣♣#.#.##... #..
♣P..♣♣#.#..#### ..♣P
PPP♣♣#.#...#*#
#.♣♣♣.♣♣.#.#...###
..♣♣♣♣....#... .
#.########(####.###.#####
........@gg%.....)...>...
#.########K########.#.###
#............###
.......#..#.....
..#####.#..#.#### ##.
#..#+# .. #.. .. #.. ...
.


You could see 2 hobgoblins and a kobold.

Vanquished Creatures
  A giant gecko (D:1)
  A kobold (D:1)
  A bat (D:1)
  A goblin (D:1)
4 creatures vanquished.

Notes
Turn   | Place    | Note
--------------------------------------------------------------
     0 | D:1      | Malachi, the Demigod Skald, began the quest for the Orb.
     0 | D:1      | Reached XP level 1. HP: 16/16 MP: 5/5
     0 | D:1      | Noticed a tentacled monstrosity
     0 | D:1      | Noticed a tentacled monstrosity
     3 | D:1      | Noticed an orb of fire
     3 | D:1      | Noticed a black draconian
     5 | D:1      | Noticed a tentacled monstrosity
     6 | D:1      | Noticed an iron dragon
     8 | D:1      | Noticed a shadow dragon
    10 | D:1      | Noticed a shadow dragon
    10 | D:1      | Noticed an ice dragon
    12 | D:1      | Noticed a tentacled monstrosity
    13 | D:1      | Noticed an orb of fire
    14 | D:1      | Noticed a pale draconian
    14 | D:1      | Noticed an ice dragon
    16 | D:1      | Noticed a large abomination
    16 | D:1      | Noticed an ice dragon
    16 | D:1      | Noticed a red draconian
    18 | D:1      | Noticed a large abomination
    19 | D:1      | Noticed an orb of fire
   212 | D:1      | Reached skill level 3 in Charms
   337 | D:1      | Slain by a hobgoblin

Action                   || total
-------------------------++-------
Melee: Mace              ||    26
 Cast: Infusion          ||     2
